 Dungeon Crawl Stone Soup version 0.20.1-1-g8b1a95d (webtiles) character file.

108 vishdafish the Skirmisher (level 4, -6/36 HPs)
             Began as a Demonspawn Fighter on July 3, 2017.
             Mangled by Natasha (8 damage)
             ... on level 3 of the Dungeon.
             The game lasted 00:02:19 (1215 turns).

vishdafish the Skirmisher (Demonspawn Fighter)      Turns: 1215, Time: 00:02:19

Health: -6/36      AC:  6    Str: 18    XL:     4   Next: 58%
Magic:  4/4        EV:  7    Int:  9    God:
Gold:   131        SH:  9    Dex: 12    Spells: 3/3 levels left

rFire    + . .     SeeInvis .   a - +0 war axe
rCold    . . .     Gourm    .   c - +0 shield
rNeg     . . .     Faith    .   b - +0 scale mail
rPois    .         Spirit   .   (no helmet)
rElec    .         Reflect  .   (no cloak)
rCorr    .         Harm     .   (no gloves)
MR       .....                  (no boots)
Stlth    ..........             (no amulet)
Regen    0.2/turn               (no ring)
MPRegen  0.1/turn               (no ring)

@: slowed, very slow
A: fire resistance 1, powered by pain 2
a: no special abilities


You were on level 3 of the Dungeon.
You were not hungry.

You visited 1 branch of the dungeon, and saw 3 of its levels.

You collected 131 gold pieces.

Inventory:

Hand Weapons
 a - a +0 war axe (weapon)
Armour
 b - a +0 scale mail (worn)
 c - a +0 shield (worn)
Wands
 o - a wand of acid (10/15)
Scrolls
 e - a scroll of amnesia {unknown}
 g - 3 scrolls of immolation {unknown}
 m - a scroll of identify {unknown}
 n - a scroll of enchant weapon {unknown}
 q - 2 scrolls of teleportation {unknown}
Potions
 d - 3 potions of might
 i - a potion of lignification {unknown}
 k - a potion of curing {unknown}
 p - a potion of heal wounds {unknown}
Comestibles
 f - 2 bread rations
 h - a meat ration
 j - 9 fruits
 l - 2 royal jellies


   Skills:
 + Level 3.6 Fighting
 + Level 3.0 Axes
 + Level 3.0 Armour
 + Level 1.0 Dodging
 + Level 3.1 Shields


You had 3 spell levels left.
You didn't know any spells.

Dungeon Overview and Level Annotations

Branches:
Dungeon (3/15)

Altars:

Annotations:
D:3 Natasha


Innate Abilities, Weirdness & Mutations

Your flesh is heat resistant. (rF+)
You sometimes gain power by taking damage.


Message History

You hit the orc. You barely miss the orc.
The orc wizard mumbles some strange words.
The orc wizard blinks!
The orc hits you but does no damage. You block the orc's attack.
The orc wizard gestures at you while chanting.
You feel yourself slow down. You block Natasha's attack.
The crimson imp disappears for a moment.
The orc hits you but does no damage.
You hit Natasha but do no damage. You closely miss the orc. You slash the orc!
You kill the orc!
Natasha claws you! The orc hits you. The orc wizard casts a spell at you.
The magic dart hits you! You block Natasha's attack.
You block the orc's attack. The orc hits you but does no damage.
The orc wizard closely misses you.
The orc wizard gestures at you while chanting.
The magic dart hits you!
* * * LOW HITPOINT WARNING * * *
Natasha claws you!
You die...

#..........# ..#
#..........# ..#
#..........# ..
#####...#### .. ###.#
.# ## #..######.# .#
#...
#........######o#.(...
#######.......hog.....
.........##.#@o5##..##
.....###†##.#.#.#
####....<.....#.#..
#######.........
#...........
#..#.###>...#
#.##.###...## ##### #.
#..##..## #...## #
##.#...#


You could see an orc wizard, Natasha, a crimson imp, 2 orcs and a goblin.

Vanquished Creatures
  A worker ant (D:3)
  3 adders
  A leopard gecko (D:3)
  An orc (D:3)
  2 giant cockroaches (D:1)
  5 goblins
  8 hobgoblins
  5 jackals
  3 quokkas
  A ball python (D:3)
  5 bats
  2 frilled lizards
  4 kobolds
  10 rats
51 creatures vanquished.

Notes
Turn   | Place    | Note
-------+----------+-------------------------------------------
     0 | D:1      | vishdafish the Demonspawn Fighter began the quest for the Orb.
     0 | D:1      | Reached XP level 1. HP: 18/18 MP: 1/1
   159 | D:1      | Gained mutation: You sometimes gain a little power by taking damage. [demonic ancestry]
   159 | D:1      | Reached XP level 2. HP: 24/24 MP: 2/2
   471 | D:2      | Gained mutation: Your flesh is heat resistant. (rF+) [demonic ancestry]
   471 | D:2      | Reached XP level 3. HP: 19/29 MP: 3/3
  1101 | D:3      | Gained mutation: You sometimes gain power by taking damage. [demonic ancestry]
  1101 | D:3      | Reached XP level 4. HP: 33/36 MP: 4/4
  1190 | D:3      | Reached skill level 1 in Dodging
  1208 | D:3      | Noticed Natasha
  1215 | D:3      | Mangled by Natasha

Skill      XL: |  1  2  3  4 |
---------------+-------------+-----
Axes           | 2 3 |  3.0
Shields        | 3 |  3.1
Armour         | 3 |  3.0
Dodging        | 1 |  1.0
Fighting       | |  3.6

Action                   |  1- 3 |  4- 6 || total
-------------------------+-------+-------++-------
Melee: War axe           |   142 |    22 ||   164
  Eat: Chunk             |       |     1 ||     1
Armor: Scale mail        |    71 |    14 ||    85
Dodge: Dodged            |    43 |    12 ||    55
Block: Shield            |    73 |    17 ||    90
